Cogmind - Beta 10.2 @@@ ROGUE MODE // 2021.07.13 @ 07:17:18 Player: Sifan Result: Destroyed by as-44447 with Assembled Maul Performance ------------- Evolutions (0) 0 Regions Visited (0) 0 Robots Destroyed (1) 5 Value Destroyed (53) 53 Prototype IDs (0) 0 Alien Tech Used (0) 0 Bonus (0) 0 TOTAL SCORE: 58 Bonus ------- None Cogmind --------- Core Integrity 0/250 Matter 182/300 Energy 100/100 System Corruption 0% Temperature Cool (0) Movement Core (100) Ox1 Location -11/Scrapyard Parts ------- > --- POWER (1) -------- (None) > --- PROPULSION (2) --- (None) > --- UTILITY (2) ------ Small Storage Unit > --- WEAPON (2) ------- (None) > --- INVENTORY (6) ---- (None) Peak State ------------ > --- POWER ------------ Ion Engine > --- PROPULSION ------- Light Treads Light Treads > --- UTILITY ---------- Small Storage Unit > --- WEAPON ----------- EM Pulse Gun Assault Rifle > --- INVENTORY -------- Small Laser [Rating: 6] Favorites ----------- Power Ion Engine Engine Ion Engine Propulsion Light Treads Treads Light Treads Leg Aluminum Leg Utility Small Storage Unit Storage Small Storage Unit Weapon Assault Rifle Energy Gun EM Pulse Gun Ballistic Gun Assault Rifle Build | -11 ------- Run | Scr Slots Evolved . | . Power . | . Propulsion . | . Utility . | . Weapon . | . Parts Attached 10 | 10 Power 1 | 1 Engine 1 | 1 Core . | . Reactor . | . Propulsion 4 | 4 Treads 2 | 2 Leg 2 | 2 Wheel . | . Hover . | . Flight . | . Utility 1 | 1 Device . | . Storage 1 | 1 Processor . | . Hackware . | . Protection . | . Artifact . | . Weapon 4 | 4 Energy Gun 3 | 3 Energy Cannon . | . Ballistic Gun 1 | 1 Ballistic Cannon . | . Launcher . | . Special Weapon . | . Impact Weapon . | . Slashing Weapon . | . Piercing Weapon . | . Special Melee Weapon . | . Unidentified Prototypes . | . Parts Lost 8 | 8 Power 1 | 1 Propulsion 4 | 4 Utility . | . Weapon 3 | 3 Highest Loss Streak 6 | 6 Average Slot Usage (%) . | . Naked Turns . | . Heaviest Build 13 | 13 Greatest Support 40 | 40 Greatest Overweight (x) 4 | 4 Average Overweight (x) 2 | 2 Largest Inventory Capacity 6 | 6 Average Capacity 5 | 5 Most Carried 3 | 3 Average Carried 2 | 2 Final Capacity 6 | 6 Final Carried . | . Class Distribution -------------------- None Dominant Class ---------------- None Resources | -11 ----------- Run | Scr Matter Collected 196 | 196 Remotely . | . Salvage Created 55 | 55 Parts . | . Haulers Intercepted . | . Recyclers Shooed . | . Parts Field Recycled . | . Retrieved Matter . | . Parts Self-Destructed . | . Prevented . | . Kills | -11 ------- Run | Scr Combat Hostiles Destroyed 4 | 4 Guns 3 | 3 AOE 1 | 1 Classes Destroyed 2 | 2 Demolisher 1 | 1 Assembled 3 | 3 Best Kill Streak 3 | 3 Combat Bots Only 3 | 3 Max Kills in Single Turn 1 | 1 Gunslinging . | . Exploded 1 | 1 Melee . | . Uniques/NPCs Destroyed . | . Combat | -11 -------- Run | Scr Damage Taken 1004 | 1004 Core 255 | 255 Absorbed by Shields . | . Core Remaining (%) . | . Volleys Fired 24 | 24 Largest 2 | 2 Hottest 60 | 60 Shots Fired 26 | 26 Gun 26 | 26 Cannon . | . Launcher . | . Special . | . Kinetic 18 | 18 Thermal 6 | 6 Explosive . | . Electromagnetic 2 | 2 Robot Hit Streak 4 | 4 Robot Miss Streak 2 | 2 Penetration Max . | . Secondary Targets . | . Shots Hit Robots 18 | 18 Core Hits 9 | 9 Critical Hits . | . Critical Kills . | . Critical Parts Destroyed . | . Melee Attacks . | . Impact . | . Slashing . | . Piercing . | . Sneak Attacks . | . Combat Hostiles . | . Follow-up Attacks . | . Damage Inflicted 326 | 326 Guns 226 | 226 Cannons . | . Explosions 100 | 100 Melee . | . Ramming . | . Kinetic 150 | 150 Thermal 152 | 152 Explosive . | . Electromagnetic 24 | 24 Impact . | . Slashing . | . Piercing . | . Highest Corruption . | . Average Corruption . | . Corruption Purged . | . Overload Shots . | . Overflow Damage . | . Projectiles . | . Explosions . | . Melee . | . Knockbacks . | . Impact . | . Kinetic . | . Secondary . | . Self-Inflicted Damage . | . Shots . | . Rammed . | . Targets Rammed . | . Kicked . | . Crushed . | . Highest Temperature 5 | 5 Average Temperature 5 | 5 Received Heat Transfer 80 | 80 Siege Activations . | . Robots Corrupted . | . Combat Hostiles . | . Parts Fried . | . Impact Corruptions . | . Robots Melted . | . Combat Hostiles . | . Parts Melted . | . Heat Transferred 175 | 175 Parts Sabotaged . | . Parts Stolen . | . Parts Stripped . | . Power Chain Reactions 1 | 1 Missiles Intercepted . | . Alert | -11 ------- Run | Scr Peak Influence 30 | 30 Initial . | . Average . | . Maximum Alert Level . | . Low Security (%) 100 | 100 Level 1 . | . Level 2 . | . Level 3 . | . Level 4 . | . Level 5 . | . High Security . | . Max Security . | . Squads Dispatched . | . Investigation . | . Extermination . | . Reinforcement . | . Assault . | . Garrison . | . Intercept . | . Construction Impeded . | . Haulers Reinforced . | . Stealth | -11 --------- Run | Scr Distress Signals . | . Communications Jammed . | . Distress Signals . | . Times Spotted 11 | 11 Peak Tracking Total 6 | 6 Tactical Retreats . | . Traps | -11 ------- Run | Scr Traps Triggered . | . Indirectly . | . Trap Hack Attempts . | . Triggered . | . Disarmed . | . Reprogrammed . | . Reused . | . Traps Extracted . | . Installed . | . Triggered . | . Machines | -11 ---------- Run | Scr Machines Disabled . | . Max in Single Turn . | . Machines Sabotaged . | . Garrisons Compromised . | . Overloaded Fab Kills . | . Fab Network Shutdowns . | . Hacking | -11 --------- Run | Scr Machines Accessed . | . Terminals . | . Fabricators . | . Repair Stations . | . Recycling Units . | . Scanalyzers . | . Garrison Access . | . Total Hacks . | . Successful . | . Failed . | . Catastrophic . | . Database Lockouts . | . Manual . | . Terminals . | . Fabricators . | . Repair Stations . | . Recycling Units . | . Scanalyzers . | . Garrison Access . | . Terminal Hacks . | . Fabricator Hacks . | . Repair Station Hacks . | . Recycling Unit Hacks . | . Scanalyzer . | . Garrison Access Hacks . | . Unauthorized Hacks . | . Terminals . | . Fabricators . | . Repair Stations . | . Recycling Units . | . Scanalyzers . | . Garrison Access . | . Data Cores Recovered . | . Used . | . Hacking Detections . | . Full Trace Events . | . Feedback Events . | . Feedback Blocked . | . Robot Schematics Acquired . | . Robots Built . | . Matter . | . Time . | . Total Robot Build Rating . | . Part Schematics Acquired . | . Parts Built . | . Matter . | . Time . | . Total Part Build Rating . | . Parts Repaired . | . Time . | . Parts Recycled . | . Recycled Matter . | . Retrieved Matter . | . Retrieved Components . | . Parts Scanalyzed . | . Part Schematics Acquired . | . Parts Damaged . | . Bothacking | -11 ------------ Run | Scr Used RIF Installer . | . Robots Hacked . | . Non-combat . | . Combat . | . Robot Hacks Applied . | . Relay Couplers Released . | . Robots Rewired . | . Allies Hacked . | . Hacks Repelled . | . Allies | -11 -------- Run | Scr Total Allies . | . Largest Group . | . Highest-Rated Group . | . Highest-Rated Ally . | . Total Orders . | . Ally Attacks . | . Total Damage . | . Kills . | . Allies Corrupted . | . Allies Melted . | . Intel | -11 ------- Run | Scr Robot Analysis Total . | . Derelict Logs Recovered . | . Drone Launches . | . Drone Recoveries . | . Exploration | -11 ------------- Run | Scr Turns Passed 1198 | 1198 Spaces Moved 83 | 83 Core 67 | 67 Treads 15 | 15 Legs 1 | 1 Wheels . | . Hover . | . Flight . | . Fastest Speed 50 | 50 Average Speed 188 | 188 Slowest Speed 250 | 250 Overloaded Moves . | . Propulsion Burnouts . | . Robots Hopped . | . Cave-ins Triggered . | . Exploration Rate (%) 7 | 7 Regions Visited . Branch Regions . Pre-discovered Areas . | . Known Exits Taken . | . Unknown Exits Taken . | . Scrap Searched . | . Spaces Dug . | . Terrain Destroyed 2 | 2 Melee . | . Projectile . | . AOE 2 | 2 Terrain Rammed . | . Walls Destroyed . | . Machines Disabled . | . Actions | -11 --------- Run | Scr Total 1095 | 1095 Wait 976 | 976 Move 83 | 83 Hop . | . Pick Up 2 | 2 Fast Attach 6 | 6 Attach 3 | 3 Detach . | . Swap 1 | 1 Drop . | . Fire 24 | 24 Melee . | . Ram . | . Kick . | . Crush . | . Escape Stasis . | . Rewire . | . Trap . | . Miscellaneous . | . Route ------- -11/Scrapyard (discovered 1 exit: [*Mat]) History --------- Turn | Location | Event 12 | -11/Scrapyard | Discovered new exit (range 14) 1093 | -11/Scrapyard | Assembled infested the area 1178 | -11/Scrapyard | Core integrity fell below 50% 1196 | -11/Scrapyard | Core integrity fell below 20% 1199 | -11/Scrapyard | Destroyed by as-44447 with Assembled Maul Last Messages --------------- 01102_ The unstable cave ceiling collapses. 01102_ Ion Engine destroyed. 01107_ D-53 Grenadier destroyed. 01112_ The unstable cave ceiling collapses. 01133_ T-07 Excavator destroyed. 01147_ The unstable cave ceiling collapses. 01147_ Critical hit. 01147_ Lgt. Treads destroyed. 01153_ as-47144 destroyed. 01155_ The unstable cave ceiling collapses. 01163_ as-20665 destroyed. 01170_ as-80752 destroyed. 01171_ Lgt. Treads destroyed. 01174_ K-01 Serf collects debris. 01175_ Assault Rifle destroyed. 01187_ Sml. Laser destroyed. 01188_ Acquired 11 matter. 01192_ Aluminum Leg destroyed. 01195_ Knocked back. 01196_ Aluminum Leg destroyed. Map ----- +----------------------------------------------------+ | ?????????????????????????????????????????????????? | | ?????????????????????????????????????????????????? | | ?????????????????????????????????????????????????? | | ?????????????????????????????????????????????????? | | ?????????????????????????????????????????????????? | | ?????????????????????????????????????????????????? | | ?????????????????????????????????????????????????? | | ?????????????????????????????????????????????????? | | ?????????????????????????????????????????????????? | | ?????????????????????????? ????????????????????? | | ?????????????????????????? ???????????????????? | | ?????????????????????????? ???????????????????? | | ?????????????????????????? %!???????????????????? | | ?????????????????????????? !%???????????????????? | | ????????????????????????? ????????????????????? | | ?????????????????????????# ????????????????????? | | ?????????????????????????# ????????????????????? | | ?????????????????????????# a#????????????????????? | | ?????????????????????????# a#????????????????????? | | ?????????????????????????# #????????????????????? | | ?????????????????????????# #????????????????????? | | ?????????????????????????#aa#????????????????????? | | ?????????????????????????# #????????? #????????? | | ?????????????????????#####% #??????? #????????? | | ?????????????????????#### ####??? #????????? | | ?????????##########?### @a #? ?????????? | | ?????????#* #?# # ?????????? | | ?????????# #?# ## ######????????? | | ???????### = ### ?????? | | ???? ?????? | | ???? ## ######????????? | | ?????????# #### < ?????????? | | ?????????#= #??## ?????????? | | ?????????# #???## ## #????????? | | ?????????#### #####????########? #????????? | | ????????????#???????????????????? #????????? | | ????????????????????????????????? #????????? | | ?????????????????????????????????? #????????? | | ??????????????????????????????????? ?????????? | | ????????????????????????????????????####?????????? | | ?????????????????????????????????????????????????? | | ?????????????????????????????????????????????????? | | ?????????????????????????????????????????????????? | | ?????????????????????????????????????????????????? | | ?????????????????????????????????????????????????? | | ?????????????????????????????????????????????????? | | ?????????????????????????????????????????????????? | | ?????????????????????????????????????????????????? | | ?????????????????????????????????????????????????? | | ?????????????????????????????????????????????????? | +----------------------------------------------------+ Best States ------------- Heat Dissipation 25 Energy Generation 10 Energy Capacity 250 Matter Stores 215 Matter Capacity 300 Sight Range 16 Terrain Scan Density 10 Evasion (%) 50 Recoil Reduction 2 Item Schematics ----------------- None Robot Schematics ------------------ None Fabricated ------------ Nothing Alien Tech Used ----------------- None Achievements -------------- Curiosity Killed The Cat Challenges ------------ None Game ------ Seed DynamicAntimissileFilter Manual? 0 Play Time 00:08:22 Cumulative 5.9 hours Start 2021.07.13 @ 07:12:22 End 2021.07.13 @ 07:17:18 Sessions 0 Manual Loads 0 Difficulty Rogue Special Mode None Game No. 5 Rogue 5 Adventurer 0 Explorer 0 Win Type - Total 0 Types 0/0/0/0/0/0/0/0/0 Lore% 4 Gallery% 8 Achievement% 8 Wizard Run 0 Options --------- ASCII 0 Keyboard 0 Movement Mouse Keybinds 0 Fullscreen 2 Font 18/Terminus Map View 76x50 Tactical HUD 1 Map Filters NONE Filters NONE Steam 1 RUN: bbcbb0ec-be81-4937-b24c-bd59c76b4e93